AoeStats
← undercat

Arena

507742622Analyzed
1v1 RM · 13d ago on Sep 19, 2026· 66m 2s· 2 players
Game mode
Random Map
Map size
Tiny (2 player)
Population
200
Speed
Normal
Resources
Standard
Victory
Conquest
Starting age
Dark Age
Ending age
Imperial Age
RankedLock teamsTeams togetherTeam positionsShared explorationLock speedFull tech treeHidden civsTurbo modeCheats
Victory
Defeat
🇹🇼 Slavs · Taiwan
918
+16
🇷🇺 Teutons · Russia
923
-16
undercat
10:09 Feudal Age
11:36 Loom
15:19 Castle Age
14:32 Double-Bit Axe
17:35 Bow Saw
22:19 Horse Collar
29:11 Imperial Age
27:19 Wheelbarrow
28:48 Hand Cart
29:22 Heavy Scorpion
31:48 Chemistry
31:32 Husbandry
31:52 Gold Mining
32:02 Light Cavalry
34:00 Bloodlines
35:31 Scale Barding Armor
37:12 Gold Shaft Mining
38:02 Ballistics
38:05 Hussar
40:55 Chain Barding Armor
40:46 Elite Boyar
42:25 Forging
49:03 Fletching
51:00 Plate Barding Armor
51:07 Iron Casting
53:44 Scale Mail Armor
53:49 Squires
53:10 Pikeman
58:02 Halberdier
60:06 Chain Mail Armor
65:20 Blast Furnace
64:52 Plate Mail Armor
Shark Bait
11:30 Feudal Age
16:19 Castle Age
14:03 Horse Collar
14:56 Double-Bit Axe
17:57 Bloodlines
22:46 Bow Saw
22:38 Heavy Plow
25:38 Gold Mining
25:42 Stone Mining
28:57 Stone Shaft Mining
31:05 Imperial Age
31:00 Wheelbarrow
32:14 Conscription
33:19 Two-Man Saw
32:51 Crop Rotation
33:06 Hand Cart
32:55 Scale Mail Armor
33:10 Scale Barding Armor
33:33 Fletching
34:00 Chain Mail Armor
33:48 Padded Archer Armor
34:45 Hoardings
33:58 Elite Skirmisher
34:03 Pikeman
34:44 Squires
34:29 Arson
36:24 Chemistry
35:40 Halberdier
36:50 Ballistics
36:43 Masonry
37:25 Cavalier
40:39 Chain Barding Armor
40:30 Forging
41:20 Fortified Wall
42:57 Paladin
44:22 Plate Barding Armor
44:23 Iron Casting
45:18 Plate Mail Armor
52:18 Blast Furnace
64:31 Siege Engineers
Connection lost

Rejoining the realm…

Still unreachable

The connection could not be restored.

Session expired

The server has moved on; the page needs a fresh start.